 Dungeon Crawl Stone Soup version 0.26.1-11-gd32895ea62 (webtiles) character file.

Game seed: 16457775817920862992

93 Silvore the Slasher (level 4, -7/34 HPs)
             Began as a Demonspawn Gladiator on July 1, 2021.
             Mangled by Sigmund
             ... wielding a +0 scythe
              (9 damage)
             ... on level 2 of the Dungeon.
             The game lasted 00:03:23 (2138 turns).

Silvore the Slasher (Demonspawn Gladiator)          Turns: 2138, Time: 00:03:23

Health: -7/34      AC:  4    Str: 16    XL:     4   Next: 36%
Magic:  4/4        EV: 13    Int:  9    God:
Gold:   56         SH:  0    Dex: 14    Spells: 3/3 levels left

rFire    . . .     SeeInvis .   a - +0 long sword
rCold    . . .     Faith    .   (no shield)
rNeg     . . .     Spirit   .   b - +0 leather armour
rPois    .         Reflect  .   (helmet restricted)
rElec    .         Harm     .   (no cloak)
rCorr    .         Rampage  .   g - +0 pair of gloves
Will     .....                  (no boots)
Stlth    +.........             (no amulet)
HPRegen  0.11/turn              (no ring)
MPRegen  0.09/turn              (no ring)

@: no status effects
A: horns 1, demonic guardian 1
a: no special abilities


You were on level 2 of the Dungeon.
You visited 1 branch of the dungeon, and saw 2 of its levels.

You collected 56 gold pieces.

Inventory:

Hand Weapons
 a - a +0 long sword (weapon)
Missiles
 d - 3 throwing nets (quivered)
Armour
 b - a +0 leather armour (worn)
 c - a +0 helmet
 g - a +0 pair of gloves (worn)
Scrolls
 e - a scroll of noise {unknown}
 f - a scroll of remove curse {unknown}
 i - 3 scrolls of identify {unknown}
 j - a scroll of amnesia {unknown}
 k - a scroll of blinking {unknown}
Potions
 h - a potion of magic {unknown}
 l - a potion of berserk rage {unknown}
 m - a potion of flight {unknown}


   Skills:
 + Level 2.5 Fighting
 + Level 3.6 Long Blades
 + Level 1.9 Throwing
 + Level 1.3 Armour
 + Level 3.2 Dodging
 + Level 0.1 Stealth


You had 3 spell levels left.
You didn't know any spells.
Your spell library was empty.

Dungeon Overview and Level Annotations

Branches:
Dungeon (2/15)

Altars:

Annotations:
D:2 Sigmund


Innate Abilities, Weirdness & Mutations

You have a pair of small horns on your head.
A weak demonic guardian rushes to your aid.


Message History

Something barely misses you.
You hit something.
You hear some strange, mumbled words.
You are confused.
You hit something but do no damage. You headbutt something. Something hits you!
* * * LOW HITPOINT WARNING * * *
Something hits you!
* * * LOW HITPOINT WARNING * * *
Unknown command.
You hear some strange, mumbled words.
Something tries to affect you, but you resist.
You bump into the rock wall.
A puff of flame appears from out of thin air!
The puff of flame misses you.
Unknown command.
You're too confused to move!
You're too confused to move!
You feel less confused. Something hits you!
You die...

#..#
#.##..............###
#..#
#.####.##.####...##
#..######.# #.##.#
##.## ##.#.......#
#.##.# #.#
##.###.###### ##....#
#.# #.## ##.# #..####
#.# ##.###.## #..#
#.# #..#.## #..#
#.#### #.#.## #.@#
#....# #.### #.5#
####.# #.### #..# #.#
##...# #..# #.#
...#<# #..# #.#
##.#(# #..# #.# #.#.#
#..# #.#### ##.#.#
#..# ##..... ...#.#
#..##########<.....


You could see a friendly ufetubus (summoned).

Vanquished Creatures
  3 adders (D:2)
  An ooze (D:2)
  5 dart slugs
  2 leopard geckos (D:1)
  2 giant cockroaches
  8 goblins
  5 hobgoblins
  3 jackals (D:2)
  2 kobolds (D:1)
  A ball python (D:1)
  7 bats
  5 frilled lizards
  8 rats
52 creatures vanquished.

Notes
Turn   | Place    | Note
-------+----------+-------------------------------------------
     0 | D:1      | Silvore the Demonspawn Gladiator began the quest for the
                  | Orb.
     0 | D:1      | Reached XP level 1. HP: 16/16 MP: 1/1
    89 | D:1      | Gained mutation: A weak demonic guardian rushes to your
                  | aid. [demonic ancestry]
    89 | D:1      | Reached XP level 2. HP: 10/22 MP: 2/2
   717 | D:1      | Gained mutation: You have a pair of small horns on your
                  | head. [demonic ancestry]
   717 | D:1      | Reached XP level 3. HP: 26/27 MP: 3/3
  1668 | D:2      | Reached skill level 1 in Armour
  1671 | D:2      | Reached XP level 4. HP: 24/34 MP: 4/4
  2124 | D:2      | Noticed Sigmund
  2138 | D:2      | Mangled by Sigmund

Illustrated notes

Levels and vault maps discovered:
D:1:      erik_arrival_blinker_ship, layout_loops_corners
D:2:      layout_loops_ring, minmay_close_crescents, uniq_sigmund

Skill      XL: |  1  2  3 |
---------------+----------+-----
Long Blades    | 3 |  3.6
Dodging        | 3 |  3.2
Armour         | 1 |  1.3
Fighting       | |  2.5
Throwing       | |  1.9
Stealth        | |  0.1

Action                   |  1- 3 |  4- 6 || total
-------------------------+-------+-------++-------
Melee: Long sword        |    89 |    29 ||   118
       Headbutt          |    10 |     8 ||    18
 Stab: Sleeping          |     1 |     1 ||     2
Armor: Leather armour    |    34 |     7 ||    41
Dodge: Dodged            |    88 |    20 ||   108
       Rpst.: Long sword |    27 |     5 ||    32
